 Dungeon Sprint DCSS version 0.28.0-49-g6dfe1f597d (webtiles) character file.

Game seed: 6494323423810305844

2694 boopmooplesden the Fencer (level 9, -3/95 HPs)
             Began as a Minotaur Berserker on May 19, 2022.
             Was a High Priest of Trog.
             Slain by a redback (7 damage)
             ... in the Dungeon (Sprint III: "The Ten Rune Challenge").
             The game lasted 00:02:51 (1245 turns).

boopmooplesden the Fencer (Minotaur Berserker)      Turns: 1245, Time: 00:02:51

Health: -3/95      AC:  7    Str: 22    XL:     9   Next: 38%
Magic:  8/8        EV: 14    Int:  6    God:    Trog [*****.]
Gold:   50         SH:  0    Dex: 12    Spells: 8/8 levels left

rFire   . . .      SeeInvis .   p - +5 scimitar
rCold   . . .      Faith    .   (no shield)
rNeg    . . .      Spirit   .   i - +0 ring mail
rPois   .          Reflect  .   (helmet restricted)
rElec   .          Harm     .   (no cloak)
rCorr   .          Rampage  .   (no gloves)
Will    .....      NoTele   +   (no boots)
Stlth   +.........              (no amulet)
HPRegen 0.25/turn               (no ring)
MPRegen 0.11/turn               (no ring)

@: lethally poisoned (-3 -> -48), on berserk cooldown, slowed, very slow
A: horns 2, retaliatory headbutt
a: Renounce Religion, Berserk, Trog's Hand, Brothers in Arms


You were in the Dungeon.
You worshipped Trog.
Trog was extremely pleased with you.
You visited 1 branch You collected 50 gold pieces.

Inventory:

Hand Weapons
 a - a +0 falchion
 n - a +0 long sword of holy wrath
 p - a +5 scimitar (weapon)
Armour
 i - a +0 ring mail (worn)
Scrolls
 b - a scroll of torment {unknown}
 h - a scroll of blinking
 j - 4 scrolls of identify
 l - a scroll of immolation {unknown}
Potions
 c - 2 potions of curing
 d - 2 potions of heal wounds
 e - a potion of haste
 f - 3 potions of magic
 g - a potion of berserk rage
 k - 2 potions of flight
 m - 5 potions of mutation
Miscellaneous
 o - a phial of floods


   Skills:
 + Level 14.0 Fighting
 + Level 17.3 Long Blades
 + Level 10.3 Armour
 + Level 9.3 Dodging


You had 8 spell levels left.
You didn't know any spells.
Your spell library was empty.

Dungeon Overview and Level Annotations

Branches:
Dungeon (1/1)

Altars:
Cheibriados
Dithmenos
Elyvilon
Fedhas
Gozag
Hepliaklqana
Kikubaaqudgha
Makhleb
Nemelex Xobeh
Okawaru
Qazlal
Ru
Sif Muna
Trog
Uskayaw
Vehumet
Wu Jian
Xom
Yredelemnul
Zin
The Shining One
Beogh
Jiyva
Lugonu


Innate Abilities, Weirdness & Mutations

You have a pair of horns on your head.
You reflexively headbutt those who attack you in melee.


Message History

Trog accepts your kill.
Your Fighting skill increases to level 14!
Your Long Blades skill increases to level 17!
A redback comes into view.
Items here: ))) [.
You feel a strong urge to attack something.
The redback fails to trigger a net trap.
You are no longer berserk.
You are exhausted.
You feel yourself slow down.
Items here: ))) [.
You slash the redback!
The redback is moderately wounded.
The redback bites you!
You are poisoned.
The redback poisons you! The redback bites you!
You are lethally poisoned!
The redback poisons you!
You slash the redback!
The redback is heavily wounded.
You feel extremely sick. The redback misses you.
You closely miss the redback.
The redback is heavily wounded.
* * * LOW HITPOINT WARNING * * *
You feel extremely sick. The redback barely misses you.
The redback bites you but does no damage.
You hit the redback.
The redback is severely wounded.
* * * LOW HITPOINT WARNING * * *
You feel extremely sick. The redback bites you!
* * * LOW HITPOINT WARNING * * *
Unknown command.
You feel better. The redback bites you.
* * * LOW HITPOINT WARNING * * *
You are lethally poisoned!
The redback poisons you! The redback bites you!
You die...

__# )_# '## ..# ..# #'#
..#+##############
..#....#.#.#.....#
..##.#..#.##.###@# .
..'##.#.#.##.#.s##^...
..#.).#..#.)##..'s^.^..
▓▓▓▓▓▓▓▓▓▓▓▓▓▓▓▓#......
.....^ ..... ..... ####


You could see a redback.

Vanquished Creatures
  Erolcha (D)
  A deep elf pyromancer (D)
  A shadow (D)
  A spatial vortex (D)
  A necrophage (D)
  5 two-headed ogres (D)
  A scorpion (D)
  A water elemental (D)
  A jelly (D)
  Jessica (D)
  A wizard (D)
  A necromancer (D)
  3 humans (D)
  A kobold demonologist (D)
  3 rats (D)
23 creatures vanquished.

Notes
Turn   | Place    | Note
-------+----------+-------------------------------------------
     0 | D        | boopmooplesden the Minotaur Berserker began the quest for
                  | the Orb.
     0 | D        | Reached XP level 1. HP: 19/19 MP: 0/0
    13 | D        | Reached skill level 4 in Long Blades
    32 | D        | Reached ** piety under Trog
    37 | D        | Noticed Jessica
    41 | D        | Killed Jessica
    42 | D        | Reached skill level 5 in Fighting
    42 | D        | Reached skill level 5 in Long Blades
    42 | D        | Reached XP level 2. HP: 25/29 MP: 1/1
    83 | D        | Noticed a scorpion
    93 | D        | Reached skill level 6 in Long Blades
    93 | D        | Reached XP level 3. HP: 37/37 MP: 2/2
    96 | D        | Killed a scorpion
    96 | D        | Reached *** piety under Trog
    97 | D        | Reached skill level 8 in Long Blades
    97 | D        | Reached XP level 4. HP: 47/47 MP: 3/3
   168 | D        | Noticed a water elemental
   172 | D        | Killed a water elemental
   173 | D        | Reached skill level 9 in Long Blades
   173 | D        | Reached XP level 5. HP: 53/53 MP: 4/4
   299 | D        | Found a basalt altar of Yredelemnul.
   299 | D        | Found a shadowy altar of Dithmenos.
   299 | D        | Found a sacrificial altar of Ru.
   299 | D        | Noticed a necrophage
   303 | D        | Killed a necrophage
   304 | D        | Reached skill level 10 in Long Blades
   304 | D        | Reached skill level 5 in Armour
   304 | D        | Reached skill level 5 in Dodging
   309 | D        | Reached XP level 6. HP: 47/63 MP: 5/5
   442 | D        | Found a hide-covered altar of Uskayaw.
   442 | D        | Found an iron altar of Okawaru.
   444 | D        | Found a bloodstained altar of Trog.
   444 | D        | Found an ornate altar of the Wu Jian Council.
   444 | D        | Noticed a human
   444 | D        | Noticed a human
   447 | D        | Killed a human
   448 | D        | Reached skill level 10 in Fighting
   448 | D        | Reached skill level 11 in Long Blades
   457 | D        | Killed a human
   457 | D        | Reached **** piety under Trog
   458 | D        | Reached skill level 12 in Long Blades
   458 | D        | Reached XP level 7. HP: 73/73 MP: 6/6
   509 | D        | Found a radiant altar of Vehumet.
   511 | D        | Found a shimmering blue altar of Sif Muna.
   511 | D        | Found an ancient bone altar of Kikubaaqudgha.
   515 | D        | Noticed a smoke demon
   564 | D        | Found a glowing silver altar of Zin.
   565 | D        | Found a glowing golden altar of the Shining One.
   565 | D        | Found a white marble altar of Elyvilon.
   565 | D        | Noticed a deep elf pyromancer
   574 | D        | Noticed a fire elemental
   574 | D        | Noticed a fire elemental
   575 | D        | Killed a deep elf pyromancer
   575 | D        | Reached ***** piety under Trog
   576 | D        | Reached skill level 14 in Long Blades
   576 | D        | Reached XP level 8. HP: 83/83 MP: 7/7
   875 | D        | Found a blossoming altar of Fedhas.
   875 | D        | Found a stormy altar of Qazlal.
   875 | D        | Found a snail-covered altar of Cheibriados.
   875 | D        | Found a burning altar of Makhleb.
   875 | D        | Found a shimmering altar of Xom.
   876 | D        | Found a hazy altar of Hepliaklqana.
   876 | D        | Found an opulent altar of Gozag.
   876 | D        | Found a sparkling altar of Nemelex Xobeh.
   876 | D        | Found a corrupted altar of Lugonu.
   876 | D        | Found a viscous altar of Jiyva.
   888 | D        | Received a gift from Trog
   889 | D        | Reached skill level 15 in Long Blades
  1078 | D        | Noticed a two-headed ogre
  1085 | D        | Killed a two-headed ogre
  1086 | D        | Reached skill level 16 in Long Blades
  1227 | D        | Noticed a two-headed ogre
  1227 | D        | Noticed Erolcha
  1233 | D        | Killed Erolcha
  1234 | D        | Reached skill level 10 in Armour
  1234 | D        | Reached XP level 9. HP: 94/94 MP: 8/8
  1236 | D        | Killed a two-headed ogre
  1237 | D        | Reached skill level 17 in Long Blades
  1244 | D        | HP: 1/95 [redback (10)]
  1245 | D        | Slain by a redback

Illustrated notes

Levels and vault maps discovered:
D:        dungeon_sprint_mu [sprint_mu_entry_cave, sprint_mu_temple_rooms,
          sprint_mu_d1_spiders, sprint_mu_d2_genie, sprint_mu_d3_branching,
          sprint_mu_orc_legion, sprint_mu_elf_gauntlet, sprint_mu_hive_nellie,
          sprint_mu_lair_fedhas, sprint_mu_vaults_butterflies,
          sprint_mu_slime_circle, sprint_mu_shoals_archi,
          sprint_mu_snake_twists, sprint_mu_blade_basic,
          sprint_mu_crypt_fortress, sprint_mu_tomb_spiral,
          sprint_mu_vestibule_basic, sprint_mu_gehenna_hellfire,
          sprint_mu_dis_giant, sprint_mu_tartarus_statrot,
          sprint_mu_cocytus_islands, sprint_mu_zot1]

Skill      XL: |  1  2  3  4  5  6  7  8  9 |
---------------+----------------------------+-----
Fighting       | 5 6 7 8 9 10 11 13 14 | 14.0
Long Blades    | 5 6 8 9 10 12 14 16 17 | 17.3
Armour         | 3 4 5 6 8 10 | 10.3
Dodging        | 3 4 5 6 7 9 |  9.3

Action                   |  1- 3 |  4- 6 |  7- 9 || total
-------------------------+-------+-------+-------++-------
Melee: Falchion          |    16 |    22 |    13 ||    51
       Headbutt          |     3 |     4 |    13 ||    20
       Scimitar          |       |       |    29 ||    29
       Long sword        |       |       |    15 ||    15
       Punch             |       |       |     1 ||     1
Invok: Berserk           |     1 |     3 |     6 ||    10
  Use: Potion            |       |       |     1 ||     1
Armor: Animal skin       |     1 |       |       ||     1
       Ring mail         |       |     4 |     2 ||     6
Dodge: Dodged            |     7 |     4 |    15 ||    26
